Map: Bel'Shir Vestige LE (Void)

Players

MaSa

  • Race: Terran Terran
  • Spawn Location: 5:00

uThermal - Winner!

  • Race: Terran Terran
  • Spawn Location: 11:00

Event: WCS Austin 2017

VOD

Have the link to the VOD?

Description

Time

  • Played on: April 28, 2017, 5:49 p.m.
  • Length: 15:35

All games in this series

Show
View Real Time Build Order
Export as new Build Order

MaSa Terran 

Build Orders: 1/1/1, Cyclone Opening, Bio Tank 

Get SALT Encoding   

  12  0:00  SCV  
  13  0:12  SCV  
  14  0:17  Supply Depot  
  14  0:25  SCV  
  14  0:27  Refinery  
  15  0:38  SCV  
  16  0:43  Barracks  
  16  0:50  SCV  
  16  0:54  Refinery  
  17  1:02  SCV  
  18  1:15  SCV  
  19  1:27  SCV  
  19  1:30  Factory  
  20  1:33  Reaper  
  21  1:41  Orbital Command  
  21  1:50  Supply Depot  
  21  2:05  Reaper  
  21  2:07  SCV  
  23  2:15  Starport  
  23  2:25  Cyclone  
  23  2:26  SCV  
  27  2:37  Reaper  
  27  2:38  SCV  
  29  2:50  SCV  
  30  2:52  Supply Depot  
  30  2:57  Liberator  
  30  3:02  SCV  
  31  3:14  Cyclone  
  31  3:19  SCV  
  38  3:24  Reaper  
  39  3:34  Command Center  
  39  3:35  Supply Depot  
  39  3:42  SCV  
  40  3:50  Cyclone  
  40  3:54  SCV  
  44  4:00  Barracks Reactor, Starport Tech Lab  
  44  4:06  SCV  
  44  4:09  Supply Depot  
  45  4:18  SCV  
  46  4:30  SCV  
  47  4:38  Command Center  
  47  4:39  Raven  
  47  4:42  SCV  
  49  4:55  SCV  
  47  5:00  Marine  
  47  5:01  Factory Tech Lab, Marine  
  42  5:09  SCV  
  42  5:11  Orbital Command  
  42  5:16  Refinery  
  42  5:21  SCV  
  43  5:27  Siege Tank  
  46  5:33  Refinery, SCV  
  47  5:37  Viking  
  47  5:38  Viking  
  47  5:39  SCV  
  47  5:40  Marine  
  53  5:45  SCV  
  53  5:47  Bunker  
  54  5:51  SCV, Orbital Command  
  54  5:56  Stimpack  
  55  5:57  SCV  
  55  6:03  SCV  
  55  6:04  Siege Tank  
  60  6:09  SCV  
  60  6:10  Viking  
  62  6:15  SCV  
  62  6:17  Viking  
  62  6:18  SCV  
  66  6:21  SCV  
  66  6:22  Marine  
  68  6:27  SCV  
  68  6:31  SCV  
  70  6:33  Barracks, SCV  
  70  6:34  Barracks  
  70  6:39  SCV  
  72  6:40  Viking  
  72  6:43  SCV  
  72  6:45  SCV  
  72  6:46  Marine  
  77  6:47  Viking  
  77  6:52  SCV  
  80  6:56  SCV  
  80  6:57  Engineering Bay  
  80  6:58  Engineering Bay  
  80  7:00  Siege Tank  
  84  7:01  Liberator  
  84  7:04  Marine  
  84  7:05  SCV  
  80  7:11  SCV  
  80  7:15  SCV  
  81  7:17  SCV  
  78  7:23  SCV  
  78  7:27  SCV  
  78  7:29  Barracks Reactor x2, SCV  
  81  7:34  Marine  
  81  7:35  SCV  
  83  7:39  Supply Depot  
  83  7:40  Engineering Bay  
  83  7:43  SCV  
  84  7:45  SCV  
  84  7:47  Engineering Bay  
  84  7:51  Barracks  
  85  7:52  Barracks, Marine  
  85  7:55  Siege Tank  
  85  7:58  SCV  
  90  8:01  Combat Shields  
  90  8:02  SCV  
  91  8:06  Medivac  
  91  8:10  Medivac  
  91  8:11  Marine x2  
  91  8:12  Marine x2  
  99  8:17  Missile Turret  
  99  8:19  Terran Infantry Weapons Level 1, Missile Turret  
  99  8:28  SCV x2  
  99  8:31  Supply Depot x2  
  99  8:32  Terran Infantry Armor Level 1, Marine  
  99  8:33  SCV  
  103  8:37  Marine x4  
  103  8:38  Barracks Reactor  
  107  8:44  Barracks Reactor  
  107  8:45  Orbital Command  
  107  8:47  Supply Depot x2  
  107  8:50  Marine  
  107  8:53  Siege Tank  
  107  8:55  Marine x4  
  115  9:05  Sensor Tower  
  115  9:08  Marine  
  116  9:10  Supply Depot  
  116  9:13  Marine x2  
  118  9:17  Factory, Supply Depot  
  118  9:19  Marine x3  
  121  9:24  Marine x2  
  121  9:29  Marine  
  121  9:30  Marine, Siege Tank  
  126  9:32  Supply Depot  
  126  9:33  Refinery  
  126  9:36  Supply Depot  
  126  9:39  Marine  
  126  9:40  Marine  
  126  9:43  Marine  
  126  9:44  Barracks Reactor, Marine x3  
  132  9:47  Marine  
  132  9:48  Marine  
  134  9:57  Marine x2  
  136  10:01  Marine x3  
  136  10:02  Siege Tank, Marine  
  136  10:06  Marine x2  
  108  10:15  Marine x2  
  108  10:19  Marine x4  
  113  10:22  Marine  
  113  10:24  Marine x2  
  112  10:30  Marine, Orbital Command  
  112  10:33  Marine x2  
  112  10:34  Siege Tank  
  108  10:37  Marine  
  108  10:41  Marine  
  108  10:42  Marine  
  110  10:45  Marine  
  110  10:47  Marine  
  104  10:50  SCV  
  104  10:53  Marine  
  106  10:58  Medivac x2  
  106  10:59  Armory  
  106  11:02  Marine x3  
  112  11:12  Marine  
  112  11:13  Marine x3  
  112  11:16  Marine  
  112  11:17  Marine x2  
  112  11:18  Siege Tank  
  122  11:22  Marine x2  
  124  11:28  Medivac  
  124  11:29  SCV x3  
  129  11:33  Sensor Tower  
  129  11:35  Marine x2  
  129  11:39  Marine  
  132  11:40  Marine x2  
  132  11:42  Marine  
  132  11:43  Marine x2  
  136  11:50  Siege Tank  
  139  11:57  Marine x6  
  139  11:58  Medivac  
  139  11:59  Marine  
  139  12:00  Marine  
  131  12:02  Marine x2  
  126  12:15  Marine x6  
  121  12:17  Marine  
  121  12:18  Marine  
  121  12:21  Marine x2  
  133  12:26  Terran Infantry Weapons Level 2  
  130  12:30  Medivac x2  
  130  12:33  Marine x2  
  136  12:39  Terran Infantry Armor Level 2  
  136  12:47  Siege Tank  
  137  12:51  Marine x2  
  137  12:52  Marine  
  137  12:58  Marine x3  
  143  12:59  Marine  
  143  13:02  Orbital Command  
  144  13:06  Marine  
  144  13:07  Siege Tank  
  144  13:08  Marine  
  144  13:09  Marine  
  144  13:12  Marine  
  150  13:19  Marine x2  
  141  13:22  Orbital Command  
  141  13:25  Marine x3  
  138  13:28  Marine x2  
  139  13:38  Marine x2  
  139  13:39  Marine x2  
  139  13:40  Medivac  
  143  13:53  SCV x3  
  145  14:03  Marine  
  145  14:08  Marine x5  
  145  14:09  Marine x3  
  121  14:21  Marine  
  115  14:26  Marine x4  
  115  14:27  Marine x2  
  116  14:35  Barracks  
  116  14:36  Barracks x2  
  106  14:38  Marine  
  106  14:39  Siege Tank  
  106  14:43  Marine  
  106  14:44  Marine x3  
  106  14:45  Medivac, Marine  
  108  14:49  Marine  
  93  14:56  Marine  
  84  15:01  Marine x2  
  84  15:02  Marine x2  
  80  15:07  Marine  
  72  15:15  Marine x2  
Show
View Real Time Build Order
Export as new Build Order

uThermal Terran - Winner!

Build Orders: 1/1/1, Cyclone Opening, MMM Bio 

Get SALT Encoding   

  12  0:02  SCV  
  13  0:14  SCV  
  14  0:17  Supply Depot  
  14  0:26  SCV  
  14  0:28  Refinery  
  15  0:39  SCV  
  16  0:44  Barracks  
  16  0:51  SCV  
  16  0:53  Refinery  
  17  1:03  SCV  
  18  1:15  SCV  
  19  1:31  Reaper, Orbital Command  
  20  1:34  Factory  
  20  1:43  Supply Depot  
  20  1:57  SCV  
  21  2:03  Reaper  
  22  2:09  SCV  
  23  2:17  Hellion  
  23  2:20  Starport  
  23  2:21  SCV  
  26  2:24  Supply Depot  
  26  2:33  SCV  
  26  2:36  Barracks Tech Lab  
  27  2:41  Cyclone  
  30  2:45  SCV  
  31  3:03  SCV  
  31  3:04  Command Center  
  32  3:12  Raven  
  34  3:15  SCV  
  35  3:22  Supply Depot  
  35  3:25  Barracks Reactor  
  35  3:27  SCV  
  36  3:40  SCV  
  37  3:45  Cyclone  
  38  3:52  SCV  
  39  4:01  Marine x2  
  41  4:04  SCV  
  41  4:06  Supply Depot  
  42  4:16  SCV, Orbital Command  
  43  4:17  Raven  
  43  4:21  Marine x2  
  47  4:28  SCV  
  40  4:38  Marine  
  40  4:39  Marine  
  40  4:40  SCV  
  40  4:44  SCV  
  41  4:52  SCV  
  41  4:56  Marine, SCV  
  36  5:00  Marine  
  36  5:04  SCV  
  35  5:08  SCV  
  36  5:14  Marine  
  36  5:18  SCV  
  36  5:23  SCV  
  36  5:30  SCV  
  36  5:34  Raven  
  39  5:36  SCV  
  39  5:39  Factory Tech Lab  
  39  5:42  SCV  
  41  5:45  Marine x2  
  41  5:48  SCV  
  44  5:54  SCV  
  45  6:00  SCV  
  45  6:02  Marine  
  45  6:03  Marine  
  47  6:06  SCV  
  47  6:12  SCV  
  48  6:18  SCV  
  48  6:25  Barracks, SCV  
  49  6:26  Engineering Bay  
  49  6:27  Barracks  
  49  6:28  Siege Tank  
  49  6:30  SCV  
  49  6:31  Starport Reactor  
  53  6:33  Marine  
  53  6:34  Stimpack  
  53  6:37  SCV  
  54  6:42  SCV  
  55  6:49  SCV  
  55  6:53  Barracks  
  56  6:54  Barracks, SCV  
  56  6:55  Marine  
  56  7:00  Siege Tank  
  56  7:01  SCV  
  62  7:06  SCV  
  63  7:10  Supply Depot  
  63  7:13  SCV  
  64  7:19  SCV  
  63  7:25  SCV  
  63  7:26  Marine  
  63  7:31  Refinery, SCV  
  63  7:32  Refinery, Marine x2  
  63  7:36  Starport Reactor  
  64  7:37  Marine x2, SCV  
  64  7:39  Siege Tank  
  64  7:42  Barracks Reactor, Barracks Tech Lab  
  64  7:43  SCV  
  71  7:45  Marine  
  71  7:49  SCV  
  71  7:50  Marine x2  
  75  7:55  Marine x2  
  78  7:59  Terran Infantry Weapons Level 1  
  78  8:00  Supply Depot  
  78  8:03  Marine  
  78  8:04  Supply Depot  
  78  8:06  Combat Shields  
  78  8:13  Supply Depot  
  78  8:18  Supply Depot  
  78  8:21  Medivac, Marine x5  
  78  8:24  Supply Depot  
  78  8:25  Marine  
  78  8:26  Medivac  
  88  8:29  Supply Depot  
  88  8:34  Marine x2  
  88  8:39  Marine x5  
  94  8:41  Siege Tank  
  94  8:43  Marine  
  98  8:51  Medivac  
  98  8:52  Marine x2  
  102  8:56  Medivac  
  102  8:57  Marine x4  
  102  9:02  Marine x2  
  110  9:10  Marine x2  
  110  9:13  Siege Tank  
  110  9:14  Supply Depot, Marine  
  110  9:15  Supply Depot, Marine  
  117  9:18  Marine  
  117  9:19  Marine  
  117  9:21  Marine  
  117  9:23  Medivac  
  122  9:24  Marine  
  122  9:26  Medivac  
  122  9:30  Marine  
  126  9:36  Marine x2  
  126  9:37  Supply Depot  
  126  9:38  Marine  
  129  9:39  Marine  
  129  9:40  Marine  
  129  9:45  Siege Tank, Marine x2  
  133  9:51  Marine  
  137  9:55  Terran Infantry Armor Level 1  
  137  9:56  Marine  
  138  10:05  Marine  
  138  10:06  Marine  
  121  10:09  Marine  
  121  10:13  Marine  
  107  10:14  Marine x2  
  107  10:16  Marine  
  107  10:18  Medivac  
  112  10:22  Marine  
  113  10:32  Marine  
  108  10:37  Marine x2  
  108  10:38  Medivac  
  108  10:39  Marine x2  
  108  10:40  Marine x2  
  106  10:47  Medivac  
  106  10:48  Marine  
  90  10:50  Marine  
  90  10:51  Siege Tank  
  90  10:55  Marine x2  
  89  10:57  Marine x2  
  89  10:58  Marine x2  
  93  11:06  Marine  
  93  11:07  Marine  
  93  11:08  Medivac  
  97  11:13  Marine x2  
  97  11:15  Marine x2  
  97  11:16  Marine x2  
  97  11:17  Medivac  
  105  11:24  Marine  
  105  11:25  Marine, Siege Tank  
  109  11:29  Orbital Command  
  109  11:31  Marine x2  
  112  11:33  Marine x2  
  112  11:34  Marine  
  112  11:38  Medivac, Marine  
  118  11:42  Marine  
  118  11:43  Marine  
  119  11:59  Marine  
  119  12:00  Marine x2  
  102  12:02  Marine x2  
  102  12:07  Marine x2  
  100  12:11  Marine  
  98  12:17  Marine  
  99  12:24  Marine  
  99  12:25  Marine  
  99  12:26  Marauder  
  99  12:27  Siege Tank, Marine x3  
  99  12:29  Marine  
  107  12:35  Marine  
  109  12:38  Medivac  
  109  12:42  Marine x2  
  113  12:45  Marine x3  
  113  12:46  Marine  
  113  12:47  Marine  
  113  12:50  Medivac  
  120  12:52  Marine  
  121  13:00  Marine x2  
  121  13:03  Marine x3  
  121  13:04  Marine  
  127  13:07  Marine  
  127  13:10  Marine  
  129  13:18  Marine  
  122  13:23  Marine x2  
  122  13:24  Marine  
  122  13:25  Marine  
  113  13:32  Marine x3  
  116  13:37  Marine  
  116  13:39  Siege Tank  
  116  13:40  Marine  
  116  13:41  Marine  
  122  13:42  Marine  
  122  13:43  Marine  
  123  13:50  Marine x3  
  123  13:55  Marine  
  127  13:58  Marine x2  
  127  13:59  Marine  
  127  14:01  Marine  
  128  14:07  Marine  
  128  14:08  Marine x2  
  123  14:12  Marine  
  123  14:16  Marine x2  
  105  14:18  Marine  
  105  14:19  Marine  
  97  14:25  Marine x2  
  98  14:37  Marine  
  93  14:42  Marine  
  93  14:49  Marine  
  93  14:50  Marine  
  93  14:51  Marine  
  86  14:53  Marine  
  86  14:59  Marine  
  88  15:03  Marine  
  88  15:04  Marine x2  
  90  15:11  Marine  
  90  15:12  Marine  
  91  15:15  Marine  
Tags
 
Add a new tag
Caveats
  • Supply blocks, unpowered buildings, or Contaminate may cause inaccurate times.
  • Supply counts are checked every 10 seconds.